Canucks vs Predators

Created - 12 novembre 2015 at 19:01

Goals
1 2 3 T
Canucks 3 2 0 5
Predators 2 1 1 4
Shots
1 2 3 T
Canucks 13 15 6 34
Predators 16 10 8 34

1st period

1. Canucks , Olli Jokinen 3 (Tom Poti, Alex Goligoski) at 12:46
2. Canucks , Olli Jokinen 4 (Antti Miettinen) at 13:53
3. Predators , Erik Rasmussen 2 (Brendan Bell, Oleg Saprykin) at 15:19
4. Predators , Brad Boyes 2 (Josef Vasicek, Erik Rasmussen) at 16:48
5. Canucks , Jaromir Jagr 4 (Peter Worrell, Matt Stajan) at 18:10

Penalties :
Joe Thornton (Nas) for Fighting (Major) at 12:55, Peter Worrell (Van) for Fighting (Major) at 12:55, Joe Thornton (Nas) for Fighting (Major) at 18:11, Peter Worrell (Van) for Fighting (Major) at 18:11

2nd period

6. Canucks , Tomas Plekanec 4 (Matt Stajan) at 5:55 (PP)
7. Canucks , Jaromir Jagr 5 (Matt Stajan) at 12:56 (PP)
8. Predators , Brad Boyes 3 (Alexander Steen, Josef Vasicek) at 19:00

Penalties :
Danny Richmond (Nas) for Boarding (Minor) at 4:29, Jaromir Jagr (Van) for Tripping (Minor) at 6:32, Alexander Edler (Nas) for Hooking (Minor) at 9:05, Danny Richmond (Nas) for Tripping (Minor) at 12:51, Michael Grabner (Nas) for Fighting (Major) at 12:59, Peter Worrell (Van) for Fighting (Major / Game Misconduct) at 12:59

3rd period

9. Predators , Michael Grabner 6 (Ryan Mcdonagh, Alexander Steen) at 5:26 (PP)

Penalties :
Clarke MacArthur (Van) for Interference (Minor) at 0:30, Tom Poti (Van) for Unsportsmanlike conduct (Major / Game Misconduct) at 4:36, Barret Jackman (Nas) for Goalie Interference (Minor) at 14:57

Goalie Stats

Chad Johnson (Van), 30 saves from 34 shots - (0,882), W, 2-3-0, 60:00 minutes
Steve Mason (Nas), 15 saves from 19 shots - (0,789), 25:55 minutes
Kari Lehtonen (Nas), 14 saves from 15 shots - (0,933), L, 3-7-0, 33:35 minutes

Players Stats for Canucks

Player Name              G  A  P  +/- PIM S  H  SB GA TA FO     MP     PP MP  PK MP  
------------------------------------------------------------------------------------
Alex Goligoski           0  1  1  -1  0   1  2  0  0  0  0/0    28:44   2:44   4:59 
Alex Tanguay             0  0  0  -1  0   3  1  1  0  0  2/3    18:52   0:55   3:03 
Antti Miettinen          0  1  1   1  0   2  0  0  2  0  1/1     9:57   0:15   0:07 
Clarke MacArthur         0  0  0  -1  2   3  0  0  0  0  0/0    18:03   2:11   1:54 
Daniel Paille            0  0  0   1  0   2  0  0  0  0  0/2    12:40   0:00   3:03 
David Jones              0  0  0   0  0   1  1  0  0  0  1/1     7:20   0:00   0:00 
Jaromir Jagr             2  0  2   0  2   4  0  0  0  0  0/1    22:15   3:03   3:03 
Karl Alzner              0  0  0   0  0   1  1  0  0  0  0/0    14:01   0:16   2:25 
Kent Huskins             0  0  0   1  0   0  0  1  0  1  0/0    19:50   2:45   3:41 
Kyle Cumiskey            0  0  0   0  0   0  0  2  0  1  0/0    14:28   1:02   1:07 
Matt Stajan              0  3  3   0  0   3  1  0  1  0  18/34  23:25   3:03   4:09 
Maxim Lapierre           0  0  0   0  0   1  0  0  0  0  3/6    11:44   0:31   2:17 
Nikolai Zherdev          0  0  0  -1  0   3  6  0  0  1  1/1    16:19   2:11   0:00 
Olli Jokinen             2  0  2   1  0   3  2  0  0  0  3/4     8:54   0:00   0:15 
Peter Worrell            0  1  1   1  25  0  0  0  0  1  0/1     7:21   2:07   0:00 
Sami Lepisto             0  0  0   1  0   1  1  1  0  0  0/0    19:24   2:29   3:29 
Tom Poti                 0  1  1  -1  15  4  0  0  1  2  0/0    21:37   1:42   2:16 
Tomas Plekanec           1  0  1  -1  0   2  1  0  0  0  2/10   16:03   2:11   0:00 

Players Stats for Predators

Player Name              G  A  P  +/- PIM S  H  SB GA TA FO     MP     PP MP  PK MP  
------------------------------------------------------------------------------------
Alexander Edler          0  0  0   1  2   3  3  1  0  0  0/0    24:19   4:47   1:26 
Alexander Ovechkin       0  0  0  -1  0   5  2  0  1  0  1/3    20:19   4:15   2:08 
Alexander Steen          0  2  2   0  0   4  1  0  0  0  0/1    15:19   3:48   0:00 
Barret Jackman           0  0  0   0  2   0  1  0  1  1  0/0    15:29   0:13   1:12 
Brad Boyes               2  0  2   0  0   3  0  0  1  0  1/2    15:35   4:08   0:00 
Brendan Bell             0  1  1  -1  0   0  0  0  0  0  0/0    14:34   3:57   0:00 
Danny Richmond           0  0  0   0  4   1  0  1  1  3  0/0    22:52   3:57   1:58 
Erik Rasmussen           1  1  2   1  0   2  0  0  0  0  1/6    10:28   0:22   0:17 
James Van Riemsdyk       0  0  0   0  0   1  2  0  1  0  1/1    10:21   0:15   0:00 
Joe Thornton             0  0  0  -1  10  3  1  0  1  0  17/28  16:59   4:08   3:17 
John Moore               0  0  0  -1  0   0  1  0  0  0  0/0    13:42   0:13   2:59 
Josef Vasicek            0  2  2   0  0   3  1  0  0  0  1/2    16:11   3:48   0:52 
Kris Vernarsky           0  0  0   0  0   3  3  0  0  0  11/21  16:30   0:51   0:00 
Michael Grabner          1  0  1  -1  5   2  3  0  0  0  0/0    16:04   3:48   0:00 
Oleg Saprykin            0  1  1   1  0   0  3  1  0  0  0/0    14:54   0:51   3:21 
Ryan Mcdonagh            0  1  1   1  0   3  2  0  0  0  0/0    29:04   4:47   3:23 
Vaclav Varada            0  0  0   1  0   0  3  0  0  0  0/0    10:26   0:37   0:00 
Vitali Yachmenev         0  0  0   0  0   1  2  0  0  0  0/0    11:18   0:00   1:03 

3 Stars

1 - Olli Jokinen (Van)
2 - Brad Boyes (Nas)
3 - Erik Rasmussen (Nas)

Power Play

Canucks - 2 on 4 Attempt(s) - 50,00%
Predators - 1 on 4 Attempt(s) - 25,00%

Penalty Kill

Canucks - 3 on 4 Attempt(s) - 75,00% - Score 0 goal in Penalty Kill
Predators - 2 on 4 Attempt(s) - 50,00% - Score 0 goal in Penalty Kill

Team Stat

Canucks - Hits : 16 - Faceoff Wins : 31 - Blocked Shots : 5 - Penalty Minutes : 44
Predators - Hits : 28 - Faceoff Wins : 33 - Blocked Shots : 3 - Penalty Minutes : 23

Official

Referees : Auger Stephane and Rooney Chris
Linesman : Vaughan Rody and David Brisebois

Game Notes

Peter Worrell beats up Joe Thornton at 12:55 of 1st period
Joe Thornton and Peter Worrell fight to a draw at 18:11 of 1st period
Kari Lehtonen enters game at 5:55 of 2nd period
Michael Grabner beats up Peter Worrell at 12:59 of 2nd period
Peter Worrell ejected from game at 12:59 of 2nd period
Tom Poti ejected from game at 4:36 of 3rd period

Finance

Level 1 -- Attendance: 4642 (77,37%) -- Ticket Income 417 780 $
Level 2 -- Attendance: 4382 (87,64%) -- Ticket Income 232 246 $
Level 3 -- Attendance: 1604 (80,20%) -- Ticket Income 52 932 $
Level 4 -- Attendance: 3134 (78,35%) -- Ticket Income 78 350 $
Luxury Box -- Attendance: 663 (66,30%) -- Ticket Income 125 307 $
Game was played at the Wildcat center'
Total Attendance: 14425 (80,14%)
Total Ticket Income: 906 615 $
Other Income: 135 992 $
Total Income: 1 042 607 $

Canucks

5 vs 5 Forward 
   Center                   Left Wing                Right Wing               Time % Phy DF OF 
 1 Matt Stajan              Peter Worrell            Jaromir Jagr             40     1   2  2  
 2 Tomas Plekanec           Clarke MacArthur         Nikolai Zherdev          30     1   2  2  
 3 Maxim Lapierre           Alex Tanguay             David Jones              20     1   2  2  
 4 Olli Jokinen             Daniel Paille            Antti Miettinen          10     1   2  2  

5 vs 5 Defense 
   Defense                  Defense                                           Time % Phy DF OF 
 1 Alex Goligoski           Tom Poti                                          40     1   2  2  
 2 Sami Lepisto             Kent Huskins                                      30     1   2  2  
 3 Kyle Cumiskey            Karl Alzner                                       20     1   2  2  
 4 Alex Goligoski           Tom Poti                                          10     1   2  2  

PowerPlay Forward 
   Center                   Left Wing                Right Wing               Time % Phy DF OF 
 1 Matt Stajan              Peter Worrell            Jaromir Jagr             60     1   2  2  
 2 Tomas Plekanec           Clarke MacArthur         Nikolai Zherdev          40     1   2  2  

PowerPlay Defense
   Defense                  Defense                                           Time % Phy DF OF 
 1 Alex Goligoski           Tom Poti                                          60     1   2  2  
 2 Sami Lepisto             Kent Huskins                                      40     1   2  2  

Penalty Kill 4 Players Forward 
   Center                   Wing                     Time % Phy DF OF 
 1 Matt Stajan              Jaromir Jagr             60     1   2  2  
 2 Peter Worrell            Clarke MacArthur         40     1   2  2  

Penalty Kill 4 Players Defense
   Defense                  Defense                  Time % Phy DF OF 
 1 Alex Goligoski           Tom Poti                 60     1   2  2  
 2 Sami Lepisto             Kent Huskins             40     1   2  2  

Penalty Kill - 3 Players Forward 
   Forward                                           Time % Phy DF OF 
 1 Matt Stajan                                       60     1   2  2  
 2 Jaromir Jagr                                      40     1   2  2  

Penalty Kill - 3 Players Defense
   Defense                  Defense                  Time % Phy DF OF 
 1 Alex Goligoski           Tom Poti                 60     1   2  2  
 2 Sami Lepisto             Kent Huskins             40     1   2  2  

4 vs 4 Forward 
   Center                   Wing                     Time % Phy DF OF 
 1 Matt Stajan              Jaromir Jagr             60     1   2  2  
 2 Peter Worrell            Clarke MacArthur         40     1   2  2  

4 vs 4 Defense
   Defense                  Defense                  Time % Phy DF OF 
 1 Alex Goligoski           Tom Poti                 60     1   2  2  
 2 Sami Lepisto             Kent Huskins             40     1   2  2  

Last Minutes Offensive
   Center                   Left Wing                Right Wing               Defense                  Defense                  
   Matt Stajan              Peter Worrell            Jaromir Jagr             Alex Goligoski           Tom Poti                 

Last Minutes Defensive
   Center                   Left Wing                Right Wing               Defense                  Defense                  
   Matt Stajan              Peter Worrell            Jaromir Jagr             Alex Goligoski           Tom Poti                 

Goaltenders
Starting : Chad Johnson             
Backup : Carey Price              

Extra Forwards
Normal : Alex Tanguay, Maxim Lapierre, Daniel Paille - PP : Alex Tanguay, Maxim Lapierre - PK : Daniel Paille
Extra Defensemen
Normal : Kyle Cumiskey, Karl Alzner, Sami Lepisto - PP : Kyle Cumiskey - PK : Karl Alzner, Sami Lepisto
Penalty Shots
Matt Stajan, Jaromir Jagr, Peter Worrell, Clarke MacArthur, Tomas Plekanec

Predators

5 vs 5 Forward 
   Center                   Left Wing                Right Wing               Time % Phy DF OF 
 1 Joe Thornton             Alexander Ovechkin       Michael Grabner          40     1   2  2  
 2 Josef Vasicek            Alexander Steen          Brad Boyes               25     1   2  2  
 3 Kris Vernarsky           James Van Riemsdyk       Vitali Yachmenev         20     1   2  2  
 4 Erik Rasmussen           Oleg Saprykin            Vaclav Varada            15     1   2  2  

5 vs 5 Defense 
   Defense                  Defense                                           Time % Phy DF OF 
 1 Alexander Edler          Ryan Mcdonagh                                     40     1   2  2  
 2 Danny Richmond           Barret Jackman                                    30     1   2  2  
 3 Brendan Bell             John Moore                                        20     1   2  2  
 4 Ryan Mcdonagh            Danny Richmond                                    10     1   2  2  

PowerPlay Forward 
   Center                   Left Wing                Right Wing               Time % Phy DF OF 
 1 Joe Thornton             Alexander Ovechkin       Brad Boyes               60     1   1  3  
 2 Josef Vasicek            Alexander Steen          Michael Grabner          40     1   1  3  

PowerPlay Defense
   Defense                  Defense                                           Time % Phy DF OF 
 1 Alexander Edler          Ryan Mcdonagh                                     60     1   2  2  
 2 Brendan Bell             Danny Richmond                                    40     1   2  2  

Penalty Kill 4 Players Forward 
   Center                   Wing                     Time % Phy DF OF 
 1 Joe Thornton             Oleg Saprykin            60     1   2  2  
 2 Josef Vasicek            Alexander Ovechkin       40     1   2  2  

Penalty Kill 4 Players Defense
   Defense                  Defense                  Time % Phy DF OF 
 1 Ryan Mcdonagh            Danny Richmond           60     1   2  2  
 2 Barret Jackman           John Moore               40     1   2  2  

Penalty Kill - 3 Players Forward 
   Forward                                           Time % Phy DF OF 
 1 Oleg Saprykin                                     60     1   2  2  
 2 Josef Vasicek                                     40     1   2  2  

Penalty Kill - 3 Players Defense
   Defense                  Defense                  Time % Phy DF OF 
 1 Danny Richmond           Ryan Mcdonagh            60     1   2  2  
 2 Barret Jackman           John Moore               40     1   2  2  

4 vs 4 Forward 
   Center                   Wing                     Time % Phy DF OF 
 1 Joe Thornton             Alexander Ovechkin       60     1   2  2  
 2 Alexander Steen          Brad Boyes               40     1   2  2  

4 vs 4 Defense
   Defense                  Defense                  Time % Phy DF OF 
 1 Alexander Edler          Ryan Mcdonagh            60     1   2  2  
 2 Danny Richmond           Barret Jackman           40     1   2  2  

Last Minutes Offensive
   Center                   Left Wing                Right Wing               Defense                  Defense                  
   Joe Thornton             Alexander Ovechkin       Michael Grabner          Alexander Edler          Ryan Mcdonagh            

Last Minutes Defensive
   Center                   Left Wing                Right Wing               Defense                  Defense                  
   Joe Thornton             Oleg Saprykin            Vitali Yachmenev         Ryan Mcdonagh            Danny Richmond           

Goaltenders
Starting : Steve Mason              
Backup : Kari Lehtonen            

Extra Forwards
Normal : Kris Vernarsky, Oleg Saprykin, Vitali Yachmenev - PP : Kris Vernarsky, Oleg Saprykin - PK : Vitali Yachmenev
Extra Defensemen
Normal : Brendan Bell, John Moore, Ryan Mcdonagh - PP : John Moore - PK : John Moore, Ryan Mcdonagh
Penalty Shots
Alexander Ovechkin, Joe Thornton, Michael Grabner, Josef Vasicek, Alexander Steen

% Time on Ice - Canucks

Lines # - Real PCT - Wanted PCT - Time Play
Normal Forward
1 - 36% - 40% - 16:05
2 - 31% - 30% - 13:54
3 - 14% - 20% - 6:07
4 - 19% - 10% - 8:34
Normal Defense
1 - 46% - 40% - 20:44
2 - 25% - 30% - 11:21
3 - 21% - 20% - 9:20
4 - 7% - 10% - 3:15
PP Forward
1 - 60% - 60% - 3:18
2 - 40% - 40% - 2:11
PP Defense
1 - 55% - 60% - 3:00
2 - 45% - 40% - 2:29
PK Forward
1 - 70% - 60% - 6:16
2 - 30% - 40% - 2:41
PK Defense
1 - 71% - 60% - 6:23
2 - 29% - 40% - 2:34
PK3 Forward
1 - 0% - 60%
2 - 0% - 40%
PK3 Defense
1 - 0% - 60%
2 - 0% - 40%
44 Forward
1 - 0% - 60%
2 - 0% - 40%
44 Defense
1 - 0% - 60%
2 - 0% - 40%
Last Minute Offensive  - 0:00
Last Minute Defensive  - 0:54
Total
Forward - 60:00
Defense - 60:00

% Time on Ice - Predators

Lines # - Real PCT - Wanted PCT - Time Play
Normal Forward
1 - 31% - 40% - 14:08
2 - 25% - 25% - 11:31
3 - 22% - 20% - 10:06
4 - 22% - 15% - 9:49
Normal Defense
1 - 41% - 40% - 18:34
2 - 32% - 30% - 14:37
3 - 20% - 20% - 9:07
4 - 7% - 10% - 3:16
PP Forward
1 - 55% - 60% - 4:57
2 - 45% - 40% - 4:00
PP Defense
1 - 53% - 60% - 4:47
2 - 47% - 40% - 4:10
PK Forward
1 - 84% - 60% - 4:37
2 - 16% - 40% - 0:52
PK Defense
1 - 62% - 60% - 3:24
2 - 38% - 40% - 2:05
PK3 Forward
1 - 0% - 60%
2 - 0% - 40%
PK3 Defense
1 - 0% - 60%
2 - 0% - 40%
44 Forward
1 - 0% - 60%
2 - 0% - 40%
44 Defense
1 - 0% - 60%
2 - 0% - 40%
Last Minute Offensive  - 0:00
Last Minute Defensive  - 0:00
Total
Forward - 60:00
Defense - 60:00

Play by Play

1st period


0:01 of 1st period - Joe Thornton wins face-off versus Matt Stajan in neutral zone.
0:26 of 1st period - Slapshot by Tomas Plekanec.
0:26 of 1st period - Shot Misses the Net.
0:34 of 1st period - Snap shot by Alexander Steen.
0:34 of 1st period - Shot Misses the Net.
0:36 of 1st period - Slapshot by Alexander Edler.
0:36 of 1st period - Stopped by Chad Johnson with a rebound.
0:56 of 1st period - Slapshot by Maxim Lapierre.
0:56 of 1st period - Shot Blocked by Danny Richmond.
1:24 of 1st period - Slapshot by Danny Richmond.
1:24 of 1st period - Stopped by Chad Johnson with a rebound.
1:26 of 1st period - Slapshot by Danny Richmond.
1:26 of 1st period - Deflect By Vitali Yachmenev.
1:26 of 1st period - Shot Misses the Net.
1:26 of 1st period - Puck is out of play.
1:27 of 1st period - Olli Jokinen wins face-off versus Joe Thornton in Canucks zone.
1:32 of 1st period - Wrist shot by Alexander Ovechkin.
1:32 of 1st period - Stopped by Chad Johnson without a rebound.
1:33 of 1st period - Olli Jokinen wins face-off versus Joe Thornton in Canucks zone.
1:44 of 1st period - Wrist shot by Daniel Paille.
1:44 of 1st period - Stopped by Steve Mason with a rebound.
1:49 of 1st period - Off-side.
1:50 of 1st period - Tomas Plekanec wins face-off versus Erik Rasmussen in neutral zone.
1:52 of 1st period - Off-side.
1:53 of 1st period - Erik Rasmussen wins face-off versus Tomas Plekanec in neutral zone.
3:33 of 1st period - Clarke MacArthur is hit by Oleg Saprykin and loses puck.
3:50 of 1st period - Slapshot by Jaromir Jagr.
3:50 of 1st period - Stopped by Steve Mason with a rebound.
3:52 of 1st period - Wrist shot by Matt Stajan.
3:52 of 1st period - Shot Misses the Net.
4:03 of 1st period - Icing by Danny Richmond.
4:04 of 1st period - David Jones wins face-off versus Joe Thornton in Predators zone.
4:40 of 1st period - Slapshot by Josef Vasicek.
4:40 of 1st period - Stopped by Chad Johnson without a rebound.
4:41 of 1st period - Joe Thornton wins face-off versus Tomas Plekanec in Canucks zone.
4:42 of 1st period - Snap shot by Alexander Ovechkin.
4:42 of 1st period - Stopped by Chad Johnson with a rebound.
4:44 of 1st period - Slapshot by Ryan Mcdonagh.
4:44 of 1st period - Stopped by Chad Johnson without a rebound.
4:45 of 1st period - Joe Thornton wins face-off versus Tomas Plekanec in Canucks zone.
4:46 of 1st period - Slapshot by Alexander Ovechkin.
4:46 of 1st period - Shot Blocked by Sami Lepisto.
4:48 of 1st period - Slapshot by Alexander Edler.
4:48 of 1st period - Stopped by Chad Johnson with a rebound.
4:52 of 1st period - Wrist shot by Alexander Ovechkin.
4:52 of 1st period - Shot Misses the Net.
5:18 of 1st period - Ryan Mcdonagh is hit by Matt Stajan and loses puck.
5:43 of 1st period - Maxim Lapierre is hit by Vitali Yachmenev and loses puck.
6:00 of 1st period - Snap shot by Alexander Ovechkin.
6:00 of 1st period - Deflect By Michael Grabner.
6:00 of 1st period - Stopped by Chad Johnson with a rebound.
6:47 of 1st period - Snap shot by Tomas Plekanec.
6:47 of 1st period - Shot Misses the Net.
7:43 of 1st period - Slapshot by Tom Poti.
7:43 of 1st period - Deflect By Danny Richmond.
7:43 of 1st period - Stopped by Steve Mason with a rebound.
7:57 of 1st period - Ryan Mcdonagh is hit by Alex Goligoski and loses puck.
8:10 of 1st period - Kyle Cumiskey is hit by Kris Vernarsky and loses puck.
8:22 of 1st period - Off-side.
8:23 of 1st period - Joe Thornton wins face-off versus Daniel Paille in neutral zone.
9:11 of 1st period - Peter Worrell is hit by Ryan Mcdonagh and loses puck.
9:24 of 1st period - Peter Worrell is hit by Oleg Saprykin and loses puck.
10:02 of 1st period - Antti Miettinen is hit by Alexander Ovechkin.
10:30 of 1st period - Snap shot by Clarke MacArthur.
10:30 of 1st period - Stopped by Steve Mason with a rebound.
10:32 of 1st period - Wrist shot by Karl Alzner.
10:32 of 1st period - Shot Misses the Net.
10:46 of 1st period - Jaromir Jagr is hit by Vaclav Varada and loses puck.
11:16 of 1st period - Sami Lepisto is hit by Vitali Yachmenev and loses puck.
11:36 of 1st period - Ryan Mcdonagh is hit by Nikolai Zherdev and loses puck.
11:59 of 1st period - Snap shot by Alexander Ovechkin.
11:59 of 1st period - Stopped by Chad Johnson with a rebound.
12:05 of 1st period - Snap shot by Alexander Steen.
12:05 of 1st period - Stopped by Chad Johnson with a rebound.
12:13 of 1st period - Tom Poti is hit by Josef Vasicek and loses puck.
12:20 of 1st period - Wrist shot by Antti Miettinen.
12:20 of 1st period - Shot Misses the Net.
12:34 of 1st period - Slapshot by Alex Goligoski.
12:34 of 1st period - Shot Misses the Net.
12:36 of 1st period - Slapshot by Tom Poti.
12:36 of 1st period - Stopped by Steve Mason with a rebound.
12:38 of 1st period - Snap shot by Tom Poti.
12:38 of 1st period - Shot Misses the Net.
12:46 of 1st period - Slapshot by Olli Jokinen.
12:46 of 1st period - Goal by Olli Jokinen - Canucks : 1 - Predators : 0.
12:47 of 1st period - Joe Thornton wins face-off versus Peter Worrell in neutral zone.
12:55 of 1st period - Peter Worrell beats up Joe Thornton.
12:55 of 1st period - Penalty to Joe Thornton for Fighting.
12:55 of 1st period - Penalty to Peter Worrell for Fighting.
12:56 of 1st period - Matt Stajan wins face-off versus Kris Vernarsky in Canucks zone.
13:11 of 1st period - Slapshot by Alexander Edler.
13:11 of 1st period - Stopped by Chad Johnson with a rebound.
13:27 of 1st period - Slapshot by Nikolai Zherdev.
13:27 of 1st period - Stopped by Steve Mason with a rebound.
13:29 of 1st period - Slapshot by Sami Lepisto.
13:29 of 1st period - Shot Misses the Net.
13:45 of 1st period - Slapshot by Olli Jokinen.
13:45 of 1st period - Stopped by Steve Mason without a rebound.
13:46 of 1st period - Olli Jokinen wins face-off versus Josef Vasicek in Predators zone.
13:53 of 1st period - Slapshot by Olli Jokinen.
13:53 of 1st period - Goal by Olli Jokinen - Canucks : 2 - Predators : 0.
13:54 of 1st period - Kris Vernarsky wins face-off versus Matt Stajan in neutral zone.
13:59 of 1st period - Slapshot by Alexander Ovechkin.
13:59 of 1st period - Shot Misses the Net.
14:05 of 1st period - Ryan Mcdonagh is hit by Alex Tanguay.
14:11 of 1st period - Snap shot by Alexander Ovechkin.
14:11 of 1st period - Stopped by Chad Johnson with a rebound.
14:32 of 1st period - Icing by Clarke MacArthur.
14:33 of 1st period - Brad Boyes wins face-off versus Tomas Plekanec in Canucks zone.
14:34 of 1st period - Wrist shot by Alexander Steen.
14:34 of 1st period - Stopped by Chad Johnson with a rebound.
14:36 of 1st period - Slapshot by Danny Richmond.
14:36 of 1st period - Shot Misses the Net.
14:55 of 1st period - Slapshot by Nikolai Zherdev.
14:55 of 1st period - Stopped by Steve Mason with a rebound.
15:17 of 1st period - Snap shot by Oleg Saprykin.
15:17 of 1st period - Shot Misses the Net.
15:19 of 1st period - Slapshot by Brendan Bell.
15:19 of 1st period - Deflect By Erik Rasmussen.
15:19 of 1st period - Goal by Erik Rasmussen - Canucks : 2 - Predators : 1.
15:20 of 1st period - Matt Stajan wins face-off versus Kris Vernarsky in neutral zone.
15:36 of 1st period - Wrist shot by Alexander Ovechkin.
15:36 of 1st period - Shot Misses the Net.
15:53 of 1st period - Josef Vasicek is hit by Tomas Plekanec and loses puck.
16:16 of 1st period - Wrist shot by Antti Miettinen.
16:16 of 1st period - Stopped by Steve Mason without a rebound.
16:17 of 1st period - Kris Vernarsky wins face-off versus Olli Jokinen in Predators zone.
16:48 of 1st period - Snap shot by Brad Boyes.
16:48 of 1st period - Goal by Brad Boyes - Canucks : 2 - Predators : 2.
16:49 of 1st period - Kris Vernarsky wins face-off versus Matt Stajan in neutral zone.
17:41 of 1st period - Ryan Mcdonagh is hit by Olli Jokinen and loses puck.
17:58 of 1st period - Slapshot by Alexander Edler.
17:58 of 1st period - Shot Blocked by Alex Tanguay.
18:00 of 1st period - Snap shot by Vitali Yachmenev.
18:00 of 1st period - Shot Misses the Net.
18:02 of 1st period - Slapshot by Alexander Edler.
18:02 of 1st period - Shot Blocked by Kyle Cumiskey.
18:04 of 1st period - Wrist shot by Ryan Mcdonagh.
18:04 of 1st period - Stopped by Chad Johnson without a rebound.
18:05 of 1st period - Matt Stajan wins face-off versus Joe Thornton in Canucks zone.
18:10 of 1st period - Snap shot by Jaromir Jagr.
18:10 of 1st period - Goal by Jaromir Jagr - Canucks : 3 - Predators : 2.
18:11 of 1st period - Joe Thornton wins face-off versus Jaromir Jagr in neutral zone.
18:11 of 1st period - Joe Thornton and Peter Worrell fight to a draw.
18:11 of 1st period - Penalty to Joe Thornton for Fighting.
18:11 of 1st period - Penalty to Peter Worrell for Fighting.
18:12 of 1st period - Kris Vernarsky wins face-off versus Matt Stajan in neutral zone.
18:37 of 1st period - Sami Lepisto is hit by Ryan Mcdonagh and loses puck.
19:18 of 1st period - Off-side.
19:19 of 1st period - Matt Stajan wins face-off versus Kris Vernarsky in neutral zone.
19:35 of 1st period - Snap shot by Kris Vernarsky.
19:35 of 1st period - Shot Blocked by Kyle Cumiskey.
19:52 of 1st period - Snap shot by Tomas Plekanec.
19:52 of 1st period - Stopped by Steve Mason without a rebound.
19:53 of 1st period - Alexander Ovechkin wins face-off versus Alex Tanguay in Predators zone.
Goals for this period are 3 for Canucks vs 2 for Predators.
Shots for this period are 13 for Canucks vs 16 for Predators.

2nd period


0:01 of 2nd period - Kris Vernarsky wins face-off versus Matt Stajan in neutral zone.
0:37 of 2nd period - Ryan Mcdonagh is hit by Nikolai Zherdev and loses puck.
0:57 of 2nd period - Off-side.
0:58 of 2nd period - Alex Tanguay wins face-off versus Kris Vernarsky in neutral zone.
1:01 of 2nd period - Slapshot by Tom Poti.
1:01 of 2nd period - Stopped by Steve Mason without a rebound.
1:02 of 2nd period - Kris Vernarsky wins face-off versus Maxim Lapierre in Predators zone.
1:11 of 2nd period - Snap shot by Alexander Ovechkin.
1:11 of 2nd period - Deflect By Kris Vernarsky.
1:11 of 2nd period - Deflect By Maxim Lapierre.
1:11 of 2nd period - Stopped by Chad Johnson with a rebound.
1:55 of 2nd period - Snap shot by Erik Rasmussen.
1:55 of 2nd period - Shot Misses the Net.
1:57 of 2nd period - Wrist shot by Erik Rasmussen.
1:57 of 2nd period - Stopped by Chad Johnson without a rebound.
1:58 of 2nd period - Kris Vernarsky wins face-off versus Matt Stajan in Canucks zone.
1:59 of 2nd period - Snap shot by Alexander Ovechkin.
1:59 of 2nd period - Stopped by Chad Johnson without a rebound.
2:00 of 2nd period - Matt Stajan wins face-off versus Kris Vernarsky in Canucks zone.
2:00 of 2nd period - Matt Stajan is hit by Michael Grabner.
2:12 of 2nd period - Wrist shot by Matt Stajan.
2:12 of 2nd period - Stopped by Steve Mason without a rebound.
2:13 of 2nd period - Matt Stajan wins face-off versus Kris Vernarsky in Predators zone.
2:38 of 2nd period - Alexander Edler is hit by Nikolai Zherdev and loses puck.
2:43 of 2nd period - Snap shot by Nikolai Zherdev.
2:43 of 2nd period - Stopped by Steve Mason without a rebound.
2:44 of 2nd period - Maxim Lapierre wins face-off versus Kris Vernarsky in Predators zone.
2:53 of 2nd period - Wrist shot by David Jones.
2:53 of 2nd period - Shot Misses the Net.
4:09 of 2nd period - Slapshot by Joe Thornton.
4:09 of 2nd period - Stopped by Chad Johnson with a rebound.
4:11 of 2nd period - Snap shot by Michael Grabner.
4:11 of 2nd period - Shot Misses the Net.
4:13 of 2nd period - Wrist shot by Alexander Ovechkin.
4:13 of 2nd period - Shot Hit the Post.
4:15 of 2nd period - Wrist shot by Joe Thornton.
4:15 of 2nd period - Stopped by Chad Johnson without a rebound.
4:16 of 2nd period - Maxim Lapierre wins face-off versus Joe Thornton in Canucks zone.
4:21 of 2nd period - Slapshot by Sami Lepisto.
4:21 of 2nd period - Deflect By David Jones.
4:21 of 2nd period - Stopped by Steve Mason without a rebound.
4:22 of 2nd period - Maxim Lapierre wins face-off versus Alexander Ovechkin in Predators zone.
4:25 of 2nd period - Snap shot by Maxim Lapierre.
4:25 of 2nd period - Stopped by Steve Mason without a rebound.
4:26 of 2nd period - Joe Thornton wins face-off versus Maxim Lapierre in Predators zone.
4:26 of 2nd period - Joe Thornton is hit by David Jones.
4:29 of 2nd period - Minor Penalty to Danny Richmond for Boarding.
4:30 of 2nd period - Joe Thornton wins face-off versus Matt Stajan in Predators zone.
5:45 of 2nd period - Icing by Kent Huskins.
5:46 of 2nd period - Joe Thornton wins face-off versus Matt Stajan in Canucks zone.
5:55 of 2nd period - Wrist shot by Tomas Plekanec.
5:55 of 2nd period - Goal by Tomas Plekanec - Canucks : 4 - Predators : 2.
5:55 of 2nd period - Kari Lehtonen enters game.
5:56 of 2nd period - Kris Vernarsky wins face-off versus Matt Stajan in neutral zone.
6:05 of 2nd period - Snap shot by Kris Vernarsky.
6:05 of 2nd period - Stopped by Chad Johnson without a rebound.
6:06 of 2nd period - Kris Vernarsky wins face-off versus Matt Stajan in Canucks zone.
6:32 of 2nd period - Minor Penalty to Jaromir Jagr for Tripping.
6:33 of 2nd period - Joe Thornton wins face-off versus Matt Stajan in Canucks zone.
8:32 of 2nd period - Penalty to Jaromir Jagr is over, Jaromir Jagr is back on ice.
8:42 of 2nd period - Snap shot by Clarke MacArthur.
8:42 of 2nd period - Stopped by Kari Lehtonen without a rebound.
8:43 of 2nd period - Kris Vernarsky wins face-off versus Tomas Plekanec in Predators zone.
8:56 of 2nd period - Snap shot by Clarke MacArthur.
8:56 of 2nd period - Stopped by Kari Lehtonen without a rebound.
8:57 of 2nd period - Matt Stajan wins face-off versus Kris Vernarsky in Predators zone.
9:05 of 2nd period - Minor Penalty to Alexander Edler for Hooking.
9:06 of 2nd period - Joe Thornton wins face-off versus Matt Stajan in Predators zone.
9:21 of 2nd period - Slapshot by Tom Poti.
9:21 of 2nd period - Stopped by Kari Lehtonen without a rebound.
9:22 of 2nd period - Joe Thornton wins face-off versus Matt Stajan in Predators zone.
9:47 of 2nd period - Joe Thornton is hit by Nikolai Zherdev and loses puck.
9:56 of 2nd period - Snap shot by Clarke MacArthur.
9:56 of 2nd period - Shot Misses the Net.
9:58 of 2nd period - Slapshot by Sami Lepisto.
9:58 of 2nd period - Shot Misses the Net.
10:48 of 2nd period - Vitali Yachmenev is hit by Nikolai Zherdev and loses puck.
11:05 of 2nd period - Penalty to Alexander Edler is over, Alexander Edler is back on ice.
12:51 of 2nd period - Minor Penalty to Danny Richmond for Tripping.
12:52 of 2nd period - Matt Stajan wins face-off versus Joe Thornton in Predators zone.
12:56 of 2nd period - Slapshot by Jaromir Jagr.
12:56 of 2nd period - Goal by Jaromir Jagr - Canucks : 5 - Predators : 2.
12:57 of 2nd period - Matt Stajan wins face-off versus Joe Thornton in neutral zone.
12:59 of 2nd period - Michael Grabner beats up Peter Worrell.
12:59 of 2nd period - Penalty to Michael Grabner for Fighting.
12:59 of 2nd period - Penalty to Peter Worrell for Fighting.
12:59 of 2nd period - Peter Worrell is ejected from game.
13:00 of 2nd period - Matt Stajan wins face-off versus Joe Thornton in neutral zone.
13:38 of 2nd period - Snap shot by Josef Vasicek.
13:38 of 2nd period - Deflect By Nikolai Zherdev.
13:38 of 2nd period - Shot Misses the Net.
13:38 of 2nd period - Puck is out of play.
13:39 of 2nd period - Matt Stajan wins face-off versus Brad Boyes in Canucks zone.
14:06 of 2nd period - Kent Huskins is hit by Alexander Edler and loses puck.
14:25 of 2nd period - Backhand shot by Jaromir Jagr.
14:25 of 2nd period - Shot Blocked by Oleg Saprykin.
14:27 of 2nd period - Snap shot by Alex Tanguay.
14:27 of 2nd period - Shot Blocked by Alexander Edler.
14:29 of 2nd period - Slapshot by Matt Stajan.
14:29 of 2nd period - Stopped by Kari Lehtonen with a rebound.
14:31 of 2nd period - Snap shot by Alex Tanguay.
14:31 of 2nd period - Shot Misses the Net.
14:33 of 2nd period - Snap shot by Alex Tanguay.
14:33 of 2nd period - Shot Misses the Net.
14:35 of 2nd period - Snap shot by Jaromir Jagr.
14:35 of 2nd period - Shot Hit the Post.
14:37 of 2nd period - Slapshot by Alex Tanguay.
14:37 of 2nd period - Stopped by Kari Lehtonen without a rebound.
14:38 of 2nd period - Nikolai Zherdev wins face-off versus Kris Vernarsky in Predators zone.
14:39 of 2nd period - Snap shot by Tomas Plekanec.
14:39 of 2nd period - Shot Misses the Net.
14:50 of 2nd period - Alexander Ovechkin is hit by Nikolai Zherdev and loses puck.
16:05 of 2nd period - Sami Lepisto is hit by Alexander Ovechkin and loses puck.
18:04 of 2nd period - Icing by Tomas Plekanec.
18:05 of 2nd period - Tomas Plekanec wins face-off versus Erik Rasmussen in Canucks zone.
18:10 of 2nd period - Snap shot by Matt Stajan.
18:10 of 2nd period - Stopped by Kari Lehtonen without a rebound.
18:11 of 2nd period - Matt Stajan wins face-off versus Erik Rasmussen in Predators zone.
18:26 of 2nd period - Snap shot by Matt Stajan.
18:26 of 2nd period - Deflect By Alex Tanguay.
18:26 of 2nd period - Stopped by Kari Lehtonen without a rebound.
18:27 of 2nd period - Joe Thornton wins face-off versus Tomas Plekanec in Predators zone.
18:38 of 2nd period - Backhand shot by Joe Thornton.
18:38 of 2nd period - Stopped by Chad Johnson with a rebound.
18:53 of 2nd period - Tomas Plekanec is hit by Alexander Edler and loses puck.
19:00 of 2nd period - Wrist shot by Brad Boyes.
19:00 of 2nd period - Goal by Brad Boyes - Canucks : 5 - Predators : 3.
19:01 of 2nd period - Joe Thornton wins face-off versus Matt Stajan in neutral zone.
19:12 of 2nd period - Slapshot by Sami Lepisto.
19:12 of 2nd period - Stopped by Kari Lehtonen with a rebound.
19:26 of 2nd period - Nikolai Zherdev is hit by Kris Vernarsky and loses puck.
19:45 of 2nd period - Slapshot by Alexander Steen.
19:45 of 2nd period - Stopped by Chad Johnson with a rebound.
19:55 of 2nd period - Wrist shot by Brad Boyes.
19:55 of 2nd period - Stopped by Chad Johnson with a rebound.
Goals for this period are 2 for Canucks vs 1 for Predators.
Shots for this period are 15 for Canucks vs 10 for Predators.

3rd period


0:01 of 3rd period - Matt Stajan wins face-off versus Joe Thornton in neutral zone.
0:17 of 3rd period - Off-side.
0:18 of 3rd period - James Van Riemsdyk wins face-off versus Tomas Plekanec in neutral zone.
0:30 of 3rd period - Minor Penalty to Clarke MacArthur for Interference.
0:31 of 3rd period - Joe Thornton wins face-off versus Matt Stajan in Canucks zone.
0:33 of 3rd period - Snap shot by Joe Thornton.
0:33 of 3rd period - Shot Misses the Net.
2:30 of 3rd period - Penalty to Clarke MacArthur is over, Clarke MacArthur is back on ice.
2:46 of 3rd period - Icing by Clarke MacArthur.
2:47 of 3rd period - Kris Vernarsky wins face-off versus Tomas Plekanec in Canucks zone.
3:12 of 3rd period - Karl Alzner is hit by Vaclav Varada and loses puck.
3:31 of 3rd period - Alex Tanguay is hit by Michael Grabner and loses puck.
3:39 of 3rd period - Icing by Kyle Cumiskey.
3:40 of 3rd period - Antti Miettinen wins face-off versus Alexander Steen in Canucks zone.
3:53 of 3rd period - Slapshot by Brendan Bell.
3:53 of 3rd period - Deflect By Josef Vasicek.
3:53 of 3rd period - Shot Misses the Net.
3:53 of 3rd period - Puck is out of play.
3:54 of 3rd period - Joe Thornton wins face-off versus Matt Stajan in Canucks zone.
4:27 of 3rd period - Slapshot by Kris Vernarsky.
4:27 of 3rd period - Stopped by Chad Johnson with a rebound.
4:29 of 3rd period - Backhand shot by Kris Vernarsky.
4:29 of 3rd period - Deflect By Vitali Yachmenev.
4:29 of 3rd period - Stopped by Chad Johnson with a rebound.
4:31 of 3rd period - Snap shot by Vitali Yachmenev.
4:31 of 3rd period - Shot Misses the Net.
4:36 of 3rd period - Major / Game Misconduct Penalty to Tom Poti for Unsportsmanlike conduct.
4:36 of 3rd period - Tom Poti is ejected from game.
4:37 of 3rd period - Matt Stajan wins face-off versus Joe Thornton in Canucks zone.
5:12 of 3rd period - Snap shot by Alexander Steen.
5:12 of 3rd period - Stopped by Chad Johnson without a rebound.
5:13 of 3rd period - Josef Vasicek wins face-off versus Daniel Paille in Canucks zone.
5:16 of 3rd period - Wrist shot by Josef Vasicek.
5:16 of 3rd period - Stopped by Chad Johnson with a rebound.
5:18 of 3rd period - Snap shot by Josef Vasicek.
5:18 of 3rd period - Stopped by Chad Johnson with a rebound.
5:20 of 3rd period - Snap shot by Alexander Steen.
5:20 of 3rd period - Shot Blocked by Kent Huskins.
5:22 of 3rd period - Snap shot by Ryan Mcdonagh.
5:22 of 3rd period - Stopped by Chad Johnson with a rebound.
5:24 of 3rd period - Wrist shot by Michael Grabner.
5:24 of 3rd period - Shot Misses the Net.
5:26 of 3rd period - Backhand shot by Michael Grabner.
5:26 of 3rd period - Goal by Michael Grabner - Canucks : 5 - Predators : 4.
5:27 of 3rd period - Matt Stajan wins face-off versus Alexander Ovechkin in neutral zone.
6:29 of 3rd period - Snap shot by Daniel Paille.
6:29 of 3rd period - Stopped by Kari Lehtonen with a rebound.
7:56 of 3rd period - Clarke MacArthur is hit by Oleg Saprykin and loses puck.
8:11 of 3rd period - Brendan Bell is hit by Karl Alzner and loses puck.
8:24 of 3rd period - Alexander Steen is hit by Alex Goligoski and loses puck.
8:35 of 3rd period - Alex Goligoski is hit by Joe Thornton and loses puck.
9:26 of 3rd period - Alex Tanguay is hit by Barret Jackman.
9:36 of 3rd period - Penalty to Tom Poti is over, Antti Miettinen is send on ice.
10:13 of 3rd period - Sami Lepisto is hit by John Moore and loses puck.
10:24 of 3rd period - Alexander Ovechkin is hit by Sami Lepisto and loses puck.
11:16 of 3rd period - Tomas Plekanec is hit by Kris Vernarsky and loses puck.
11:36 of 3rd period - Maxim Lapierre is hit by Vaclav Varada.
11:46 of 3rd period - Matt Stajan is hit by Alexander Steen and loses puck.
12:08 of 3rd period - Ryan Mcdonagh is hit by Olli Jokinen.
12:59 of 3rd period - David Jones is hit by James Van Riemsdyk and loses puck.
13:18 of 3rd period - Daniel Paille is hit by Alexander Edler and loses puck.
13:23 of 3rd period - Snap shot by Oleg Saprykin.
13:23 of 3rd period - Shot Misses the Net.
13:53 of 3rd period - Alex Tanguay is hit by James Van Riemsdyk.
14:32 of 3rd period - Daniel Paille is hit by Michael Grabner and loses puck.
14:57 of 3rd period - Minor Penalty to Barret Jackman for Goalie Interference.
14:58 of 3rd period - Alex Tanguay wins face-off versus Joe Thornton in Predators zone.
16:47 of 3rd period - Snap shot by Antti Miettinen.
16:47 of 3rd period - Stopped by Kari Lehtonen with a rebound.
16:49 of 3rd period - Slapshot by Karl Alzner.
16:49 of 3rd period - Stopped by Kari Lehtonen without a rebound.
16:50 of 3rd period - Joe Thornton wins face-off versus Maxim Lapierre in Predators zone.
16:57 of 3rd period - Penalty to Barret Jackman is over, Barret Jackman is back on ice.
17:53 of 3rd period - Icing by Alexander Ovechkin.
17:54 of 3rd period - Matt Stajan wins face-off versus Kris Vernarsky in Predators zone.
18:40 of 3rd period - Slapshot by James Van Riemsdyk.
18:40 of 3rd period - Stopped by Chad Johnson without a rebound.
18:41 of 3rd period - Matt Stajan wins face-off versus Erik Rasmussen in Canucks zone.
18:46 of 3rd period - Snap shot by Alex Tanguay.
18:46 of 3rd period - Stopped by Kari Lehtonen without a rebound.
18:47 of 3rd period - Bob Hartley call a timeout for Predators.
18:47 of 3rd period - Matt Stajan wins face-off versus Erik Rasmussen in Predators zone.
18:54 of 3rd period - Snap shot by Jaromir Jagr.
18:54 of 3rd period - Stopped by Kari Lehtonen with a rebound.
18:56 of 3rd period - Slapshot by Alex Goligoski.
18:56 of 3rd period - Stopped by Kari Lehtonen with a rebound.
19:30 of 3rd period - Predators, Kari Lehtonen is pulled from the net.
Goals for this period are 0 for Canucks vs 1 for Predators.
Shots for this period are 6 for Canucks vs 8 for Predators.


Output by the SimonT Hockey Simulator (STHS) for François Prévost -- Original Page W3C XHTML 1.0 Valid
Hockey Simulator - Hockey Simulation - Hockey Manager